 Dungeon Crawl Stone Soup version 0.21.1-1-g345015f (webtiles) character file.

946 lotte the Gusty (level 7, -1/36 HPs)
             Began as a Deep Elf Air Elementalist on July 3, 2018.
             Was an Initiate of Sif Muna.
             Slain by a killer bee (7 damage)
             ... on level 5 of the Dungeon.
             The game lasted 00:24:26 (6742 turns).

lotte the Gusty (Deep Elf Air Elementalist)         Turns: 6742, Time: 00:24:27

Health: -1/36      AC:  4    Str:  5    XL:     7   Next: 89%
Magic:  1/18       EV: 13    Int: 22    God:    Sif Muna [......]
Gold:   200        SH:  0    Dex: 15    Spells: 6/18 levels left

rFire    + . .     SeeInvis .   C - staff of energy
rCold    . . .     Gourm    .   (no shield)
rNeg     . . .     Faith    .   B - +2 robe {rF+}
rPois    .         Spirit   .   (no helmet)
rElec    .         Reflect  .   (no cloak)
rCorr    +         Harm     .   (no gloves)
MR       .....                  (no boots)
Stlth    +++.......             (no amulet)
HPRegen  0.12/turn              h - ring of resist corrosion
MPRegen  0.16/turn              n - ring of stealth

@: lethally poisoned (-1 -> -16)
A: no striking features
a: Renounce Religion


You were on level 5 of the Dungeon.
You worshipped Sif Muna.
Sif Muna was noncommittal.
You were not hungry.

You visited 2 branches of the dungeon, and saw 7 of its levels.

You collected 200 gold pieces.

Inventory:

Hand Weapons
 l - a +0 quarterstaff of crushing
 u - a +2 flail of protection
Armour
 a - a +0 robe
 o - a +1 pair of gloves of dexterity
 p - a +0 ring mail of cold resistance
 B - a +2 robe of fire resistance (worn)
Magical Staves
 C - an uncursed staff of energy (weapon)
Jewellery
 h - a ring of resist corrosion (left hand)
 n - a ring of stealth (right hand)
Wands
 y - a wand of random effects (37)
Scrolls
 d - 4 scrolls of remove curse {unknown}
 e - 4 scrolls of teleportation {unknown}
 i - a scroll of fog {unknown}
 j - 4 scrolls of blinking {unknown}
 k - a scroll of identify {unknown}
 m - 4 scrolls of amnesia {unknown}
 s - a scroll of enchant armour {unknown}
 t - a scroll of immolation {unknown}
 w - a scroll of magic mapping {unknown}
Potions
 f - a potion of haste {unknown}
 g - a potion of flight {unknown}
 q - 3 potions of might {unknown}
 r - a potion of resistance {unknown}
 v - a potion of degeneration {unknown}
 x - a potion of ambrosia {unknown}
 z - 2 potions of heal wounds {unknown}
 A - a potion of lignification {unknown}
 E - a potion of brilliance {unknown}
Books
 b - a book of Air

   Spells                             Type                      Level
   a - Shock                          Conjuration/Air              1
   b - Swiftness                      Charms/Air                   2
   c - Static Discharge               Conjuration/Air              3
   d - Airstrike                      Air                          4
   e - Lightning Bolt                 Conjuration/Air              5
Comestibles
 c - 8 rations


   Skills:
 - Level 2.4 Dodging
 - Level 2.4 Stealth
 * Level 6.0 Spellcasting
 * Level 6.2 Conjurations
 * Level 6.4 Air Magic


You had 6 spell levels left.
You knew the following spells:

 Your Spells              Type           Power        Failure   Level  Hunger
a - Shock                 Conj/Air       ####         1%          1    None
b - Swiftness             Chrm/Air       ###.....     3%          2    None
c - Airstrike             Air            #####.....   6%          4    None
d - Lightning Bolt        Conj/Air       ####......   19%         5    None


Dungeon Overview and Level Annotations

Branches:
Dungeon (6/15)             Temple (1/1) D:5

Altars:
Ashenzari
Cheibriados
Dithmenos
Elyvilon
Fedhas
Gozag
Hepliaklqana
Kikubaaqudgha
Makhleb
Nemelex Xobeh
Okawaru
Qazlal
Ru
Sif Muna
Trog
Uskayaw
Wu Jian
Xom
Yredelemnul
Zin
The Shining One


Message History

The killer bee poisons you! The killer bee closely misses you.
Casting: Shock
Confirm with . or Enter, or press ? or * to list all spells.
Aiming: Shock
Press: ? - help, Shift-Dir - straight line, f/p - killer bee
Aim: a killer bee (moderately wounded)
The zap hits the killer bee.
The killer bee is severely wounded.
You feel sick. The killer bee stings you.
You are lethally poisoned!
The killer bee poisons you! The killer bee stings you.
Casting: Shock
Confirm with . or Enter, or press ? or * to list all spells.
Aiming: Shock
Press: ? - help, Shift-Dir - straight line, f/p - killer bee
Aim: a killer bee (severely wounded)
The zap misses the killer bee.
You feel sick. The killer bee stings you.
* * * LOW HITPOINT WARNING * * *
The killer bee stings you!
You die...

........)........................
.........###.....................
...(.....###+#...................
...................#####.....(...
.......................#.........
.......................#.........
.......................#.....###.
...##...#####.....)..........###.
..[.............@............##..
...##...>..##....y..<.....#####..
.................................
.................................
.......................##........
.............####................
.............# #................
...#######'### #................
....##.......####......##........


You could see a killer bee.

Vanquished Creatures
  Sigmund (D:5)
  A necrophage (D:6)
  The ghost of Robespierre the Conjurer, an amateur OpCj (D:3)
  A bullfrog (D:6)
  A howler monkey (D:4)
  A bullfrog skeleton (D:6)
  A hound (D:6)
  An orc priest (D:4)
  An orc wizard (D:4)
  A gnoll shaman (D:4)
  4 worker ants
  3 gnolls (D:4)
  11 adders
  5 river rats (D:5)
  2 adder skeletons (D:6)
  3 worms
  A dart slug (D:2)
  4 leopard geckos
  2 orcs (D:4)
  3 ball pythons
  8 bats
  2 giant cockroaches
  17 goblins
  6 hobgoblins
  13 jackals
  7 kobolds
  3 quokkas
  A ball python skeleton (D:5)
  6 frilled lizards
  A giant cockroach zombie (D:5)
  2 jackal skeletons
  13 rats
127 creatures vanquished.

Notes
Turn   | Place    | Note
-------+----------+-------------------------------------------
     0 | D:1      | lotte the Deep Elf Air Elementalist began the quest for the Orb.
     0 | D:1      | Reached XP level 1. HP: 10/10 MP: 6/6
   181 | D:1      | Reached XP level 2. HP: 14/15 MP: 2/8
  1352 | D:2      | Reached XP level 3. HP: 19/19 MP: 5/10
  2126 | D:2      | Reached XP level 4. HP: 24/24 MP: 3/12
  2208 | D:2      | Learned a level 2 spell: Swiftness
  2999 | D:3      | Noticed Robespierre's ghost (amateur OpCj)
  3223 | D:2      | Learned a level 4 spell: Airstrike
  3363 | D:3      | Killed Robespierre's ghost
  3363 | D:3      | Reached skill level 5 in Spellcasting
  3363 | D:3      | Reached XP level 5. HP: 9/28 MP: 0/14
  3925 | D:4      | Found a shimmering altar of Xom.
  3925 | D:4      | Found a sparkling altar of Nemelex Xobeh.
  4077 | D:4      | Learned a level 5 spell: Lightning Bolt
  4127 | D:4      | Reached XP level 6. HP: 32/32 MP: 6/16
  4289 | D:4      | Found an ornate altar of the Wu Jian Council.
  4842 | D:5      | Entered Level 5 of the Dungeon
  4857 | D:5      | Noticed Sigmund
  5056 | D:4      | Reached skill level 5 in Air Magic
  5384 | D:5      | Found an opulent altar of Gozag.
  5517 | D:5      | Found a staircase to the Ecumenical Temple.
  5536 | D:5      | Killed Sigmund
  5536 | D:5      | Reached skill level 5 in Conjurations
  5536 | D:5      | Reached XP level 7. HP: 15/36 MP: 10/17
  5728 | Temple   | Entered the Ecumenical Temple
  5854 | Temple   | Became a worshipper of Sif Muna the Loreminder
  6742 | D:5      | Slain by a killer bee

Skill      XL: |  1  2  3  4  5  6  7 |
---------------+----------------------+-----
Conjurations   | 2 3 5 6 |  6.2
Spellcasting   | 4 5 6 |  6.0
Air Magic      | 4 5 6 |  6.4
Dodging        | |  2.4
Stealth        | |  2.4

Action                   |  1- 3 |  4- 6 |  7- 9 || total
-------------------------+-------+-------+-------++-------
 Cast: Shock             |   104 |   137 |    85 ||   326
       Swiftness         |       |     1 |       ||     1
       Airstrike         |       |     1 |       ||     1
  Eat: Chunk             |     3 |     8 |     4 ||    15
       Ration            |       |     1 |       ||     1
Armor: Robe              |       |     3 |     8 ||    11
Dodge: Dodged            |     4 |    14 |    10 ||    28
